| TOP OF THE 1ST |
|
Wisconsin Timber Rattlers batting - Pitching for Hartford Yard Goats : LHP John Mandarino
|
|
Pitching: LHP John Mandarino
|
|
|
Batting: RHB Hector Silva
|
0-0: Ball 1-0: Called Strike 1-1: Foul Ball, location: 2F 1-2: Ball 2-2: Ball 3-2: Foul Ball, location: 2F 3-2: Foul Ball, location: 2F 3-2: Ground out 6-3 (Groundball, 56, EV 83.8 MPH)
|
|
Batting: SHB Aaron Neill
|
0-0: Ground out 1-3 (Groundball, 15S, EV 68.1 MPH)
|
|
Batting: RHB Ben Taylor
|
0-0: Foul Ball, location: 2F 0-1: Foul Ball, location: 2F 0-2: Ball 1-2: Strikes out looking
|
| Top of the 1st over - 0 runs, 0 hits, 0 errors, 0 left on base; Wisconsin 0 - Hartford 0 |
| BOTTOM OF THE 1ST |
|
Hartford Yard Goats batting - Pitching for Wisconsin Timber Rattlers : RHP Julian Urbina
|
|
Pitching: RHP Julian Urbina
|
|
|
Batting: RHB Bobby Gulsby
|
0-0: Foul Ball, location: 2F 0-1: Foul Ball, location: 2F 0-2: Foul Ball, location: 2F 0-2: Strikes out looking
|
|
Batting: LHB Freddy Troncoso
|
0-0: Called Strike 0-1: Ball 1-1: Ball 2-1: Ball 3-1: Fly out, F8 (Flyball, 8RD, EV 78.1 MPH)
|
|
Batting: LHB Roy Riess
|
0-0: Called Strike 0-1: Ground out 6-3 (Groundball, 6M, EV 99.4 MPH)
|
| Bottom of the 1st over - 0 runs, 0 hits, 0 errors, 0 left on base; Wisconsin 0 - Hartford 0 |
| TOP OF THE 2ND |
|
Wisconsin Timber Rattlers batting - Pitching for Hartford Yard Goats : LHP John Mandarino
|
|
Batting: SHB Craig Wright
|
0-0: Ball 1-0: Called Strike 1-1: Swinging Strike 1-2: Ball 2-2: Foul Ball, location: 2F 2-2: Strikes out looking
|
|
Batting: SHB Sam Bingham
|
0-0: Ground out 1-3 (Groundball, P, EV 68.1 MPH)
|
|
Batting: RHB Chris Fruit
|
0-0: Ball 1-0: Ball 2-0: Ground out 3-1 (Groundball, 13, EV 88.8 MPH)
|
| Top of the 2nd over - 0 runs, 0 hits, 0 errors, 0 left on base; Wisconsin 0 - Hartford 0 |
| BOTTOM OF THE 2ND |
|
Hartford Yard Goats batting - Pitching for Wisconsin Timber Rattlers : RHP Julian Urbina
|
|
Batting: LHB Eric Ludwig
|
0-0: Ball 1-0: Ball 2-0: Called Strike 2-1: Ball 3-1: Base on Balls
|
|
Batting: RHB Mike Manchester
|
Balk! Eric Ludwig to second 0-0: Foul Ball, location: 2F 0-1: SINGLE (Groundball, 4M, EV 104.4 MPH) (infield hit) Eric Ludwig to third
|
|
Batting: RHB Matt Fabre
|
0-0: Ball 1-0: Swinging Strike 1-1: Ball 2-1: Fly out, F8 (Flyball, 8LD, EV 95.6 MPH) Runner from 3rd tags up, SCORES, throw by CF
|
|
Batting: LHB Eddie Gonzalez
|
0-0: Foul Ball, location: 2F 0-1: Ball 1-1: Fly out, F8 (Flyball, 8RD, EV 104.4 MPH)
|
|
Batting: RHB Yamashita Yagi
|
0-0: Called Strike 0-1: Ball 1-1: Swinging Strike 1-2: Ball Mike Manchester steals 2nd base (no throw) 2-2: Foul Ball, location: 2F 2-2: Ball 3-2: Strikes out swinging
|
| Bottom of the 2nd over - 1 run, 1 hit, 0 errors, 1 left on base; Wisconsin 0 - Hartford 1 |
| TOP OF THE 3RD |
|
Wisconsin Timber Rattlers batting - Pitching for Hartford Yard Goats : LHP John Mandarino
|
|
Batting: RHB Raymond Young
|
0-0: Ground out U3 (Groundball, 34S, EV 93.8 MPH)
|
|
Batting: LHB Umar Matoub
|
0-0: Ball 1-0: Swinging Strike 1-1: Swinging Strike 1-2: Ball 2-2: Strikes out swinging
|
|
Batting: SHB Ramon Perez
|
0-0: Called Strike 0-1: Ball 1-1: Ground out 5-3 (Groundball, 56, EV 90.6 MPH)
|
| Top of the 3rd over - 0 runs, 0 hits, 0 errors, 0 left on base; Wisconsin 0 - Hartford 1 |
| BOTTOM OF THE 3RD |
|
Hartford Yard Goats batting - Pitching for Wisconsin Timber Rattlers : RHP Julian Urbina
|
|
Batting: RHB Haykuhi Kagramanian
|
0-0: Ball 1-0: Ball 2-0: Ball 3-0: Called Strike 3-1: Ground out 4-3 (Groundball, 4S, EV 76.9 MPH)
|
|
Batting: RHB Bobby Gulsby
|
0-0: Ground out 6-3 (Groundball, 6, EV 109.4 MPH)
|
|
Batting: LHB Freddy Troncoso
|
0-0: Ball 1-0: Ball 2-0: Ball 3-0: Foul Ball, location: 2F 3-1: Base on Balls
|
|
Batting: LHB Roy Riess
|
0-0: Ball 1-0: Called Strike 1-1: Called Strike Freddy Troncoso steals 2nd, throwing error, E2 Freddy Troncoso to third 1-2: Strikes out swinging
|
| Bottom of the 3rd over - 0 runs, 0 hits, 1 error, 1 left on base; Wisconsin 0 - Hartford 1 |
| TOP OF THE 4TH |
|
Wisconsin Timber Rattlers batting - Pitching for Hartford Yard Goats : LHP John Mandarino
|
|
Batting: RHB Hector Silva
|
0-0: Ball 1-0: Called Strike 1-1: Swinging Strike 1-2: Ball 2-2: Foul Ball, location: 2F 2-2: Strikes out looking
|
|
Batting: SHB Aaron Neill
|
0-0: Called Strike 0-1: Ball 1-1: Ball 2-1: Swinging Strike 2-2: Foul Ball, location: 2F 2-2: Fly out, F9 (Flyball, 9D, EV 102.5 MPH)
|
|
Batting: RHB Ben Taylor
|
0-0: Ball 1-0: Called Strike 1-1: Called Strike 1-2: Foul Ball, location: 2F 1-2: Strikes out swinging
|
| Top of the 4th over - 0 runs, 0 hits, 0 errors, 0 left on base; Wisconsin 0 - Hartford 1 |
| BOTTOM OF THE 4TH |
|
Hartford Yard Goats batting - Pitching for Wisconsin Timber Rattlers : RHP Julian Urbina
|
|
Batting: LHB Eric Ludwig
|
0-0: SINGLE (Line Drive, 7S, EV 98.8 MPH)
|
|
Batting: RHB Mike Manchester
|
0-0: Ball 1-0: Ball 2-0: Foul Ball, location: 2F 2-1: Ball 3-1: Called Strike 3-2: Foul Ball, location: 2F 3-2: Grounds into double play, 4-6-3 (Groundball, 34, EV 108.1 MPH)
|
|
Batting: RHB Matt Fabre
|
0-0: Ball 1-0: Called Strike 1-1: Swinging Strike 1-2: Strikes out swinging
|
| Bottom of the 4th over - 0 runs, 1 hit, 0 errors, 0 left on base; Wisconsin 0 - Hartford 1 |
| TOP OF THE 5TH |
|
Wisconsin Timber Rattlers batting - Pitching for Hartford Yard Goats : LHP John Mandarino
|
|
Batting: SHB Craig Wright
|
0-0: Ball 1-0: Foul Ball, location: 2F 1-1: Ball 2-1: Foul Ball, location: 2F 2-2: Strikes out swinging
|
|
Batting: SHB Sam Bingham
|
0-0: Ball 1-0: Ball 2-0: Foul Ball, location: 2F 2-1: Ball 3-1: Ground out 5-3 (Groundball, 56S, EV 80.0 MPH)
|
|
Batting: RHB Chris Fruit
|
0-0: Called Strike 0-1: Ball 1-1: Ball 2-1: Foul Ball, location: 2F 2-2: Strikes out swinging
|
| Top of the 5th over - 0 runs, 0 hits, 0 errors, 0 left on base; Wisconsin 0 - Hartford 1 |
| BOTTOM OF THE 5TH |
|
Hartford Yard Goats batting - Pitching for Wisconsin Timber Rattlers : RHP Julian Urbina
|
|
Batting: LHB Eddie Gonzalez
|
0-0: SINGLE (Line Drive, 5D, EV 95.6 MPH)
|
|
Batting: RHB Yamashita Yagi
|
0-0: Ball Eddie Gonzalez steals 2nd base 1-0: Called Strike 1-1: Ball 2-1: Foul Ball, location: 2F 2-2: Foul Ball, location: 2F 2-2: Ball Wild Pitch! Eddie Gonzalez to third 3-2: Foul Ball, location: 2F 3-2: Foul Ball, location: 2F 3-2: Foul Ball, location: 2F 3-2: Foul Ball, location: 2F 3-2: Foul Ball, location: 2F 3-2: Base on Balls
|
|
Batting: RHB Haykuhi Kagramanian
|
0-0: Ball 1-0: Ball 2-0: Called Strike 2-1: 3-RUN HOME RUN (Flyball, 7D, EV 98.1 MPH), Distance : 376 ft
|
|
Batting: RHB Bobby Gulsby
|
0-0: Ball 1-0: Ball 2-0: SINGLE (Groundball, 6M, EV 103.8 MPH) (infield hit)
|
|
Batting: LHB Freddy Troncoso
|
0-0: Swinging Strike 0-1: Called Strike 0-2: Strikes out swinging
|
|
Batting: LHB Roy Riess
|
0-0: Ball 1-0: Grounds out, U3 (Groundball, 3L, EV 85.0 MPH)
|
|
Batting: LHB Eric Ludwig
|
0-0: Foul Ball, location: 2F 0-1: Ball 1-1: Ball 2-1: Ground out 6-3 (Groundball, 6, EV 86.2 MPH)
|
| Bottom of the 5th over - 3 runs, 3 hits, 0 errors, 1 left on base; Wisconsin 0 - Hartford 4 |
| TOP OF THE 6TH |
|
Wisconsin Timber Rattlers batting - Pitching for Hartford Yard Goats : LHP John Mandarino
|
|
Batting: RHB Raymond Young
|
0-0: Swinging Strike 0-1: Fly out, F9 (Flyball, 9D, EV 99.4 MPH)
|
|
Batting: LHB Umar Matoub
|
0-0: Ball 1-0: Ground out 4-3 (Groundball, 4, EV 83.8 MPH)
|
|
Batting: SHB Ramon Perez
|
0-0: Ball 1-0: Ball 2-0: Called Strike 2-1: Ball 3-1: Foul Ball, location: 2F 3-2: Strikes out swinging
|
| Top of the 6th over - 0 runs, 0 hits, 0 errors, 0 left on base; Wisconsin 0 - Hartford 4 |
| BOTTOM OF THE 6TH |
|
Hartford Yard Goats batting - Pitching for Wisconsin Timber Rattlers : RHP Julian Urbina
|
|
Pitching: LHP John Miller
|
|
|
Batting: RHB Mike Manchester
|
0-0: Ball 1-0: Called Strike 1-1: Ball 2-1: Foul Ball, location: 2F 2-2: Ball 3-2: Strikes out looking
|
|
Batting: RHB Matt Fabre
|
0-0: Ball 1-0: Ball 2-0: Called Strike 2-1: Ball 3-1: Foul Ball, location: 2F 3-2: Foul Ball, location: 2F 3-2: Foul Ball, location: 2F 3-2: Base on Balls
|
|
Batting: LHB Eddie Gonzalez
|
0-0: Ball 1-0: Fielders Choice at 2nd, 6-4 (Groundball, 6D, EV 85.0 MPH)
|
|
Batting: RHB Yamashita Yagi
|
0-0: Called Strike Eddie Gonzalez is caught stealing 2nd base 2-4
|
| Bottom of the 6th over - 0 runs, 0 hits, 0 errors, 0 left on base; Wisconsin 0 - Hartford 4 |
| TOP OF THE 7TH |
|
Wisconsin Timber Rattlers batting - Pitching for Hartford Yard Goats : LHP John Mandarino
|
|
Batting: RHB Hector Silva
|
0-0: Ball 1-0: Ball 2-0: Ball 3-0: Base on Balls
|
|
Batting: SHB Aaron Neill
|
0-0: Sac Bunt to 15 - play at first, batter OUT! 1-3 Hector Silva to second
|
|
Batting: RHB Ben Taylor
|
0-0: Called Strike 0-1: Ball 1-1: 2-RUN HOME RUN (Flyball, 9D, EV 97.5 MPH), Distance : 373 ft
|
|
Pitching: LHP Ryan Morlan
|
|
|
Batting: SHB Craig Wright
|
0-0: Ball 1-0: Ball 2-0: Ball 3-0: Called Strike 3-1: Foul Ball, location: 2F 3-2: Foul Ball, location: 2F 3-2: Foul Ball, location: 2F 3-2: SINGLE (Line Drive, 3D, EV 96.2 MPH)
|
|
Batting: SHB Sam Bingham
|
0-0: Called Strike 0-1: Ball 1-1: Ball 2-1: Ball 3-1: Swinging Strike 3-2: Foul Ball, location: 2F 3-2: Strikes out swinging
|
|
Batting: RHB Chris Fruit
|
0-0: Ball 1-0: Ball 2-0: Called Strike 2-1: Foul Ball, location: 2F 2-2: Fly out, F9 (Flyball, 9D, EV 93.8 MPH)
|
| Top of the 7th over - 2 runs, 2 hits, 0 errors, 1 left on base; Wisconsin 2 - Hartford 4 |
| BOTTOM OF THE 7TH |
|
Hartford Yard Goats batting - Pitching for Wisconsin Timber Rattlers : LHP John Miller
|
|
Pitching: LHP Juan Gonzalez
|
|
|
Batting: RHB Yamashita Yagi
|
0-0: Foul Ball, location: 2F 0-1: Called Strike 0-2: Ball 1-2: Ball 2-2: Foul Ball, location: 2F 2-2: Strikes out swinging
|
|
Batting: RHB Haykuhi Kagramanian
|
0-0: Called Strike 0-1: Ball 1-1: Ball 2-1: Called Strike 2-2: SINGLE (Groundball, 34D, EV 110.0 MPH)
|
|
Batting: RHB Bobby Gulsby
|
0-0: Ball 1-0: Ground out 5-3 (Groundball, 5S, EV 67.5 MPH) Haykuhi Kagramanian to second
|
|
Batting: LHB Freddy Troncoso
|
0-0: Ball 1-0: Ball 2-0: Fly out, F7 (Flyball, 7, EV 90.0 MPH)
|
| Bottom of the 7th over - 0 runs, 1 hit, 0 errors, 1 left on base; Wisconsin 2 - Hartford 4 |
| TOP OF THE 8TH |
|
Wisconsin Timber Rattlers batting - Pitching for Hartford Yard Goats : LHP Ryan Morlan
|
|
Pitching: RHP Mike Clark
|
|
|
Batting: RHB Raymond Young
|
0-0: Ball 1-0: Foul Ball, location: 2F 1-1: Ground out 4-3 (Groundball, 4, EV 100.6 MPH)
|
|
Batting: LHB Umar Matoub
|
0-0: SINGLE (Groundball, 4D, EV 97.5 MPH)
|
|
Batting: SHB Ramon Perez
|
0-0: Called Strike 0-1: Ball 1-1: DOUBLE (Flyball, 8RXD, EV 105.0 MPH) Umar Matoub to third
|
|
Batting: RHB Hector Silva
|
0-0: Called Strike 0-1: Ball 1-1: Swinging Strike 1-2: Ground out U3 (Groundball, 3, EV 88.1 MPH)
|
|
Batting: SHB Aaron Neill
|
0-0: Called Strike 0-1: Foul Ball, location: 2F 0-2: Ground out 6-3 (Groundball, 6, EV 84.4 MPH)
|
| Top of the 8th over - 0 runs, 2 hits, 0 errors, 2 left on base; Wisconsin 2 - Hartford 4 |
| BOTTOM OF THE 8TH |
|
Hartford Yard Goats batting - Pitching for Wisconsin Timber Rattlers : LHP Juan Gonzalez
|
|
Pitching: RHP Antonio Ballesteros
|
|
|
Batting: LHB Roy Riess
|
0-0: Ball 1-0: Fly out, F7 (Flyball, 7D, EV 88.1 MPH)
|
|
Batting: LHB Eric Ludwig
|
0-0: Called Strike 0-1: Called Strike 0-2: Ball 1-2: Foul Ball, location: 2F 1-2: Strikes out swinging
|
|
Batting: RHB Mike Manchester
|
0-0: Ball 1-0: Ground out 3-1 (Groundball, 13, EV 86.9 MPH)
|
| Bottom of the 8th over - 0 runs, 0 hits, 0 errors, 0 left on base; Wisconsin 2 - Hartford 4 |
| TOP OF THE 9TH |
|
Wisconsin Timber Rattlers batting - Pitching for Hartford Yard Goats : RHP Mike Clark
|
|
Pitching: RHP Zach Sommer
|
|
|
Batting: RHB Ben Taylor
|
0-0: Ball 1-0: Called Strike 1-1: Swinging Strike 1-2: Foul Ball, location: 2F 1-2: Ground out 6-3 (Groundball, 56, EV 78.8 MPH)
|
|
Batting: SHB Craig Wright
|
0-0: Ball 1-0: Called Strike 1-1: Ground out 4-3 (Groundball, 4D, EV 86.2 MPH)
|
|
Batting: SHB Sam Bingham
|
0-0: Ball 1-0: Called Strike 1-1: Called Strike 1-2: Ball 2-2: Ball 3-2: Strikes out swinging
|
| Top of the 9th over - 0 runs, 0 hits, 0 errors, 0 left on base; Wisconsin 2 - Hartford 4 |
|